Map: Ruins of Endion

Players

Miszu

  • Race: Zerg Zerg
  • League: Master

MoWjAhEeD - Winner!

  • Race: Terran Terran
  • League: Master

VOD

Have the link to the VOD?

Description

Time

  • Played on: June 25, 2016, 12:44 p.m.
  • Length: 16:19
Show
View Real Time Build Order
Export as new Build Order

Miszu Zerg 

Build Orders: Hatch First 

Get SALT Encoding   

  12  0:01  Drone  
  13  0:13  Drone  
  14  0:17  Overlord  
  14  0:20  Extractor  
  13  0:24  Drone  
  17  0:35  Drone x2  
  17  0:53  Hatchery  
  16  0:57  Drone  
  16  0:59  Drone  
  18  1:04  Extractor  
  17  1:15  Spawning Pool  
  16  1:20  Drone  
  16  1:23  Drone  
  18  1:33  Drone  
  19  1:43  Overlord  
  19  1:55  Drone  
  20  2:02  Queen  
  20  2:04  Queen  
  20  2:06  Drone x2  
  26  2:09  Metabolic Boost  
  26  2:13  Zergling x2  
  27  2:16  Zergling x2  
  28  2:23  Overlord  
  28  2:28  Drone  
  29  2:34  Drone  
  29  2:37  Drone  
  29  2:44  Queen  
  32  2:52  Drone x2  
  32  2:57  Pneumatized Carapace  
  34  3:02  Overlord  
  34  3:07  Drone  
  34  3:08  Drone  
  36  3:14  Drone x2  
  36  3:15  Drone  
  36  3:19  Drone  
  40  3:25  Drone x3  
  44  3:27  Drone  
  44  3:30  Drone  
  44  3:34  Drone  
  46  3:40  Roach Warren  
  45  3:44  Lair  
  45  3:48  Drone x3  
  48  3:49  Drone  
  48  3:53  Extractor x2  
  48  3:54  Drone x2  
  49  4:01  Overlord  
  49  4:08  Overlord  
  49  4:21  Drone x2  
  51  4:24  Evolution Chamber x2  
  51  4:26  Hatchery  
  51  4:29  Roach  
  51  4:30  Roach x2  
  51  4:31  Roach  
  55  4:33  Roach  
  55  4:37  Overlord  
  57  4:40  Overlord  
  57  4:46  Glial Reconstitution  
  57  4:57  Roach x4  
  65  5:03  Overseer  
  65  5:14  Queen  
  65  5:18  Drone  
  65  5:19  Roach x4  
  65  5:20  Roach  
  78  5:47  Zerg Missile Weapons Level 1, Zerg Ground Armor Level 1  
  78  5:49  Queen  
  80  5:56  Queen  
  80  5:59  Queen  
  82  6:04  Drone x4  
  82  6:05  Drone x4  
  82  6:07  Overlord x2  
  82  6:08  Overlord x2  
  90  6:15  Spore Crawler  
  89  6:19  Spore Crawler  
  89  6:23  Drone x2  
  90  6:25  Drone x2  
  90  6:26  Drone x3  
  90  6:27  Drone  
  90  6:30  Spore Crawler  
  95  6:33  Drone  
  95  6:38  Infestation Pit  
  95  6:42  Drone x3  
  98  6:49  Roach x2  
  98  6:51  Ravager x5  
  98  6:52  Ravager  
  98  6:53  Roach  
  110  6:56  Extractor, Queen  
  110  6:57  Extractor  
  110  7:04  Spore Crawler  
  109  7:16  Drone  
  109  7:17  Drone x2  
  109  7:18  Drone x3  
  115  7:25  Drone  
  115  7:26  Drone x4  
  115  7:29  Overlord x3  
  120  7:31  Hive  
  120  7:33  Spire  
  119  7:45  Overlord x4  
  119  7:46  Overlord x4  
  119  7:50  Extractor, Drone x2  
  120  7:54  Drone  
  121  8:11  Overseer  
  121  8:13  Overseer  
  121  8:14  Hatchery  
  120  8:23  Zerg Ground Armor Level 2, Zerg Missile Weapons Level 2  
  120  8:41  Extractor  
  119  8:44  Extractor  
  118  8:57  Corruptor x3  
  118  8:58  Corruptor  
  118  9:00  Corruptor, Greater Spire  
  118  9:01  Corruptor x2  
  132  9:26  Corruptor  
  132  9:27  Corruptor  
  136  9:36  Drone x2  
  136  9:37  Drone x4  
  136  9:38  Drone  
  143  9:55  Overlord  
  143  10:21  Brood Lord x5  
  149  10:22  Brood Lord x4  
  149  10:26  Corruptor  
  163  10:30  Corruptor  
  165  10:39  Corruptor x2  
  169  10:51  Corruptor x2  
  169  10:55  Corruptor  
  166  11:05  Corruptor x2  
  166  11:10  Drone x18  
  166  11:11  Drone x2  
  173  11:16  Roach  
  142  11:27  Corruptor x5  
  142  11:35  Roach  
  142  11:36  Roach x2  
  136  11:40  Overseer x3  
  128  11:52  Roach  
  122  12:01  Corruptor x4  
  128  12:17  Queen  
  128  12:18  Queen x3  
  136  12:28  Overlord  
  136  12:30  Corruptor  
  136  12:31  Corruptor  
  136  12:32  Zerg Flyer Weapons Level 1  
  136  12:35  Zerg Melee Weapons Level 1  
  140  12:37  Extractor, Zergling x26, Hatchery  
  140  12:38  Extractor  
  154  12:44  Brood Lord  
  154  12:45  Brood Lord  
  154  13:01  Viper  
  154  13:02  Viper  
  160  13:07  Brood Lord  
  160  13:10  Roach x3  
  166  13:14  Spore Crawler  
  166  13:15  Corruptor  
  167  13:27  Viper  
  167  13:29  Corruptor  
  158  13:53  Corruptor  
  158  13:54  Corruptor x4  
  154  14:04  Corruptor  
  154  14:05  Corruptor  
  158  14:18  Corruptor  
  158  14:19  Corruptor  
  162  14:31  Hatchery  
  159  14:36  Spine Crawler x2  
  159  14:38  Corruptor  
  161  14:40  Zergling x42  
  91  15:16  Corruptor x3  
  91  15:17  Corruptor, Viper x2  
  100  15:29  Extractor  
  100  15:35  Zergling x20  
  102  15:43  Zergling x4  
  104  15:50  Corruptor x4  
  104  15:51  Drone x4  
  113  16:06  Extractor x2  
Show
View Real Time Build Order
Export as new Build Order

MoWjAhEeD Terran - Winner!

Build Orders: Reaper Expand, Hellion Banshee, Mech 

Get SALT Encoding   

  12  0:00  SCV  
  13  0:12  SCV  
  14  0:17  Supply Depot  
  14  0:25  SCV  
  15  0:39  SCV  
  15  0:40  Barracks  
  16  0:46  Refinery  
  16  0:51  SCV  
  17  1:03  SCV  
  18  1:15  SCV  
  19  1:28  Orbital Command  
  19  1:32  Reaper  
  20  1:46  Command Center  
  20  1:54  SCV  
  20  1:57  Supply Depot  
  21  2:04  Barracks Reactor  
  21  2:06  SCV  
  22  2:18  SCV  
  23  2:26  Factory  
  23  2:30  SCV  
  23  2:31  Refinery  
  24  2:42  SCV  
  25  2:45  Marine  
  25  2:46  Marine  
  26  2:55  SCV  
  27  3:00  Orbital Command  
  27  3:03  Marine x2  
  29  3:06  Bunker  
  29  3:08  SCV  
  30  3:12  Starport  
  30  3:13  Supply Depot, Factory Tech Lab  
  30  3:20  SCV  
  30  3:26  SCV  
  32  3:33  SCV  
  33  3:38  SCV  
  33  3:39  Hellion x2  
  38  3:45  SCV  
  39  3:50  SCV  
  39  3:52  Armory  
  39  3:54  Banshee  
  43  3:59  SCV  
  43  4:00  Cloaking Field  
  43  4:01  Hellion  
  43  4:02  SCV  
  47  4:08  Hellion  
  49  4:11  Supply Depot  
  49  4:13  Supply Depot  
  49  4:14  SCV x2  
  51  4:22  Hellion  
  53  4:26  SCV  
  54  4:33  Hellion, SCV  
  54  4:37  Supply Depot, Banshee  
  60  4:40  SCV  
  60  4:41  Terran Vehicle Weapons Level 1  
  60  4:45  SCV  
  63  4:52  SCV  
  63  4:57  SCV  
  64  5:01  Hellion x4  
  64  5:05  SCV  
  65  5:09  Refinery, SCV  
  65  5:10  Refinery  
  65  5:12  Command Center  
  66  5:15  Factory  
  66  5:16  Factory  
  66  5:17  SCV  
  67  5:21  SCV  
  67  5:23  Supply Depot  
  67  5:25  Supply Depot  
  67  5:27  Barracks Tech Lab  
  68  5:29  SCV  
  68  5:33  SCV  
  64  5:47  Bunker  
  64  5:57  Hellion x2  
  64  5:59  Raven  
  64  6:01  Factory Tech Lab  
  70  6:08  SCV x2  
  72  6:17  Supply Depot  
  72  6:20  Hellion, Siege Tank x2  
  72  6:21  Hellion  
  82  6:26  Factory  
  82  6:27  Command Center  
  82  6:32  SCV x2  
  84  6:42  Terran Vehicle Weapons Level 2  
  84  6:44  SCV x2  
  84  6:46  Engineering Bay  
  86  6:48  Refinery  
  86  6:50  Refinery  
  86  6:59  Orbital Command  
  86  7:00  SCV x2  
  88  7:08  Starport  
  88  7:09  Factory  
  88  7:12  Banshee  
  88  7:14  Hellbat x2, Factory Reactor  
  95  7:18  SCV x2  
  97  7:23  Missile Turret  
  97  7:25  Missile Turret  
  97  7:30  Supply Depot, SCV  
  97  7:31  Missile Turret  
  97  7:32  Supply Depot  
  97  7:34  Missile Turret  
  97  7:35  Missile Turret  
  99  7:37  SCV x2  
  99  7:41  Supply Depot, Thor  
  99  7:42  SCV  
  107  7:46  Thor  
  107  7:50  Orbital Command  
  113  7:52  SCV  
  113  7:53  Starport Reactor  
  114  7:59  Factory Tech Lab  
  114  8:05  SCV x2  
  114  8:06  Raven, SCV  
  114  8:11  Supply Depot  
  114  8:12  Hellbat x4  
  127  8:13  Missile Turret  
  127  8:14  Infernal Pre-Igniter  
  127  8:21  SCV x3  
  127  8:25  Armory  
  130  8:35  Hellbat x3  
  130  8:37  Siege Tank  
  130  8:38  Siege Tank x2  
  130  8:40  Viking  
  147  8:43  Orbital Command  
  147  8:49  SCV x3  
  150  8:57  Supply Depot  
  150  8:59  Supply Depot, Terran Vehicle Weapons Level 3  
  150  9:01  Supply Depot, Refinery  
  150  9:02  Refinery  
  150  9:03  Supply Depot  
  150  9:04  Viking, Missile Turret  
  150  9:06  Banshee  
  150  9:08  SCV  
  150  9:09  SCV x2  
  158  9:13  Viking  
  158  9:15  Hellbat x2  
  164  9:19  Hellbat  
  166  9:24  Supply Depot x2  
  166  9:25  Supply Depot, Terran Ship Weapons Level 1  
  166  9:29  Hellbat, Siege Tank  
  171  9:39  SCV  
  171  9:41  Command Center  
  172  9:48  Widow Mine x3  
  172  9:49  Drilling Claws, Liberator  
  178  9:54  Siege Tank, Thor  
  178  9:56  Viking  
  178  9:59  SCV x2  
  192  10:00  SCV x2  
  196  10:08  Viking  
  196  10:09  Hellbat  
  190  10:56  Viking x3  
  159  11:20  Terran Vehicle And Ship Armor Level 1  
  142  11:26  Viking x3, Hellbat x3, Siege Tank x3  
  136  11:43  Widow Mine  
  136  11:47  Widow Mine  
  118  11:48  Terran Ship Weapons Level 2  
  118  11:50  Starport  
  118  11:53  Starport  
  118  11:56  Viking x3  
  118  11:58  Siege Tank  
  121  12:12  Thor x2  
  121  12:13  Widow Mine  
  121  12:14  Hellbat x2  
  121  12:15  Widow Mine  
  129  12:20  Command Center  
  131  12:24  Command Center, SCV x4  
  131  12:26  Viking  
  131  12:27  Viking  
  131  12:28  Raven  
  141  12:30  Thor  
  141  12:31  Viking x2  
  141  12:32  Hellion  
  141  12:36  SCV x3  
  141  12:37  SCV  
  155  12:48  Widow Mine x4  
  163  12:55  Thor  
  163  12:56  Siege Tank  
  163  12:58  Refinery  
  172  12:59  Refinery  
  172  13:01  Missile Turret  
  172  13:02  Missile Turret  
  172  13:03  Planetary Fortress  
  172  13:13  Siege Tank  
  175  13:20  Hellbat x2, Command Center, Widow Mine x2  
  175  13:22  Starport Reactor  
  183  13:27  Viking x2, Thor  
  183  13:28  Viking  
  183  13:29  Viking  
  186  13:56  Thor x2  
  186  13:57  Viking  
  200  14:18  Orbital Command  
  182  14:56  Thor x3  
  182  14:57  Hellbat x3  
  196  15:05  Hellbat  
  134  15:18  Hellbat x3  
  136  15:26  Hellbat  
  138  15:39  Hellbat x3  
  144  15:43  Hellbat x3  
  150  15:53  Hellbat  
  150  15:55  Starport  
  150  15:56  Starport  
Tags
 
Add a new tag
Caveats
  • Supply blocks, unpowered buildings, or Contaminate may cause inaccurate times.
  • Supply counts are checked every 10 seconds.